cohdb
Replays
Latest Replays
All Replays
Popular Replays
Top Player Replays
Match Explorer
How It Works
Community
CoH3 Stats
Reddit
Sign in to upload your games and track your stats! →
Sign in with Steam
Match 44684974
Unlisted
Match 44684974
Overview
Messages
Build Orders
End
Kradschützen Motorcycle Team
Panzergrenadier Squad
Panzergrenadier Squad
Panzergrenadier Squad
Selects Panzerjäger Kommand Battlegroup
Selects Mine Fields
Construct Light Support Kompanie
Construct Mechanized Kompanie
Support Armor Elements
StuG III D Assault Gun
Panzerjäger Mechanized Group
Selects Tank Busters
StuG III D Assault Gun
Panzerjäger Squad
2.5-tonne Medical Truck
Emergency Repair Kits
CPU - Very Easy
Barbarossa
Esxile
p1cosola
0
0
Comments
sign in to comment!
No comments posted yet!